 Dungeon Crawl Stone Soup version 0.29.1-2-gbd0b4ee654 (webtiles) character file.

Game seed: 579499372540405727

173 whiskeysaurus the Trooper (level 5, -2/38 HPs)
             Began as an Octopode Fighter on Nov 17, 2022.
             Slain by an ice beast (14 damage)
             ... on level 5 of the Dungeon.
             The game lasted 00:05:09 (3533 turns).

whiskeysaurus the Trooper (Octopode Fighter)        Turns: 3533, Time: 00:05:10

Health: -2/38      AC:  1    Str: 15    XL:     5   Next: 53%
Magic:  5/5        EV: 13    Int: 10    God:
Gold:   178        SH:  5    Dex: 14    Spells: 4/4 levels left

rFire   . . .      SeeInvis .   a - +0 long sword
rCold   . . .      Faith    .   b - +0 buckler
rNeg    . . .      Spirit   .   (helmet restricted)
rPois   +          Reflect  .   (no amulet)
rElec   .          Harm     .   r - ring of poison resistance
rCorr   .          Rampage  .   (no ring)
Will    .....                   (no ring)
Stlth   ++........              (no ring)
HPRegen 0.12/turn               (no ring)
MPRegen 0.09/turn               (no ring)
                                (no ring)
                                (no ring)

@: mighty
A: almost no armour, amphibious, 8 rings, camouflage 1, gelatinous body 1,
(nimble swimmer 1), tentacles
a: no special abilities


You were on level 5 of the Dungeon.
You visited 1 branch of the dungeon, and saw 5 of its levels.

You collected 178 gold pieces.

Inventory:

Hand Weapons
 a - a +0 long sword (weapon)
Missiles
 h - 33 stones (quivered)
Armour
 b - a +0 buckler (worn)
 j - an orb of wrath
Jewellery
 r - a ring of poison resistance (left tentacle)
Scrolls
 e - 2 scrolls of fear {unknown}
 f - 3 scrolls of identify {unknown}
 g - a scroll of acquirement {unknown}
 m - a scroll of brand weapon {unknown}
 n - a scroll of teleportation {unknown}
 o - 2 scrolls of blinking {unknown}
 p - a scroll of noise {unknown}
 q - a scroll of enchant weapon {unknown}
Potions
 d - a potion of heal wounds {unknown}
 i - 3 potions of haste
 k - 2 potions of curing {unknown}
 l - a potion of ambrosia {unknown}
 s - a potion of cancellation {unknown}
 t - a potion of flight {unknown}


   Skills:
 + Level 4.7 Fighting
 + Level 4.1 Long Blades
 - Level 3.0 Dodging
 - Level 3.0 Shields


You had 4 spell levels left.
You didn't know any spells.
Your spell library was empty.

Dungeon Overview and Level Annotations

Branches:
Dungeon (5/15)
 Temple: D:4-7

Altars:

Annotations:
D:4 Pikel


Innate Abilities, Weirdness & Mutations

You cannot wear most types of armour.
You are amphibious.
You can wear up to eight rings at the same time.
Your skin changes colour to match your surroundings (Stealth+).
Your rubbery body absorbs attacks. (AC +1, EV +1)
((You are camouflaged when in or above water. (Stealth+)))
You have tentacles for arms and can constrict up to eight enemies at once.


Message History

The lemure misses you.
You climb upwards.
Level annotation: Pikel
There is a stone staircase leading down here.
The lemure attacks as you move away! The lemure misses you.
The lemure hits you! The lemure attacks as you move away!
The lemure misses you. The lemure attacks as you move away!
You block the lemure's attack. The lemure attacks as you move away!
You block the lemure's attack. The lemure attacks as you move away!
The lemure completely misses you. The lemure attacks as you move away!
The lemure barely misses you. The lemure attacks as you move away!
The lemure completely misses you.
There is a stone staircase leading down here.
The lemure misses you.
You climb downwards.
There is a stone staircase leading up here.
You feel very mighty all of a sudden. The lemure barely misses you.
You are too injured to fight recklessly!
You are too injured to fight recklessly!
You are too injured to fight recklessly!
You slash the lemure! You grab the lemure.
The lemure is severely wounded.
You constrict the lemure, but do no damage.
The lemure misses you. x2
You hit the lemure. You squeeze the lemure.
You kill the lemure!
That felt strangely unrewarding.
You closely miss the ice beast. Your squeeze misses the ice beast.
The ice beast misses you.
You slash the ice beast! Your squeeze misses the ice beast.
The ice beast is moderately wounded.
The ice beast closely misses you.
You hit the ice beast.
The ice beast is moderately wounded.
The ice beast misses you.
You slash the ice beast!
The ice beast is almost dead.
The ice beast hits you. The ice beast freezes you!
You die...

##.# ##.# #
...##...# #.
#..#....#
#####.####.......
........##.....#
.......@Y.....#
#####.#......## #
#..#<..#
#..##....# ...#
.##...# ..## .#
#=. ..# .. # ....
.. ...


You could see an ice beast.

Vanquished Creatures
  2 lemures
  4 gnolls
  5 adders
  2 worms
  4 dart slugs (D:1)
  3 orcs (D:3)
  7 ball pythons
  6 endoplasms
  A giant cockroach (D:1)
  8 goblins
  8 hobgoblins
  4 jackals (D:1)
  3 quokkas
  4 bats
  5 kobolds
  4 rats
70 creatures vanquished.

Notes
Turn   | Place    | Note
-------+----------+-------------------------------------------
     0 | D:1      | whiskeysaurus the Octopode Fighter began the quest for the
                  | Orb.
     0 | D:1      | Reached XP level 1. HP: 16/16 MP: 1/1
   156 | D:1      | Reached XP level 2. HP: 21/21 MP: 2/2
   427 | D:1      | Reached XP level 3. HP: 26/26 MP: 3/3
   544 | D:1      | Found a faded altar of an unknown god.
  1004 | D:2      | HP: 1/27 [gnoll/+0 flail (5)]
  1639 | D:2      | Reached XP level 4. HP: 27/33 MP: 4/4
  1944 | D:2      | Reached XP level 5. HP: 35/38 MP: 5/5
  2837 | D:3      | Identified the +1 leather armour of Iptunn {+Inv rC+ rCorr}
  3151 | D:4      | Noticed a lemure
  3170 | D:4      | Killed a lemure
  3482 | D:4      | Noticed a lemure
  3491 | D:4      | Noticed a lemure
  3492 | D:4      | Noticed Pikel
  3504 | D:5      | Entered Level 5 of the Dungeon
  3504 | D:5      | Noticed an ice beast
  3526 | D:5      | Killed a lemure
  3533 | D:5      | Slain by an ice beast

Illustrated notes

Levels and vault maps discovered:
D:1:      mrwooster_arrival_statue_2, layout_loops_ring, basic_ecumenical_altar
D:2:      layout_loops_ring, chequers_serial_rivers_large_b
D:3:      layout_loops_ring
D:4:      layout_loops_cross, chequers_temple_overflow_minitemple,
          minmay_temple_entry_trees, uniq_pikel
D:5:      layout_rooms, eat_drink_and_be_merry_uskayaw

Skill      XL: |  1  2  3  4  5 |
---------------+----------------+-----
Long Blades    | 3 4 |  4.1
Fighting       | 4 |  4.7
Dodging        | |  3.0
Shields        | |  3.0

Action                   |  1- 3 |  4- 6 || total
-------------------------+-------+-------++-------
Melee: Long sword        |    57 |    79 ||   136
       Constrict         |    18 |    20 ||    38
       Tentacles         |    12 |    13 ||    25
       Punch             |       |     3 ||     3
Throw: Stone             |       |     7 ||     7
  Use: Potion            |       |     1 ||     1
 Stab: Sleeping          |     7 |     7 ||    14
       Distracted        |       |     1 ||     1
Armor: Skin              |     6 |     1 ||     7
Dodge: Dodged            |    27 |    50 ||    77
Block: Buckler           |    12 |    19 ||    31
